 Dungeon Crawl Stone Soup version 0.25-a0-1126-g5fd7b56c60 (webtiles) character file.

Game seed: 15587116485559194607, levelgen mode: deterministic

3502 Masnef the Geomancer (level 10, -3/73 HPs)
             Began as a Formicid Earth Elementalist on May 19, 2020.
             Was a Follower of Ashenzari.
             Slain by Harold
             ... wielding a +0 halberd
              (25 damage)
             ... on level 9 of the Dungeon.
             The game lasted 00:21:52 (11668 turns).

Masnef the Geomancer (Formicid Earth Elementalist) Turns: 11668, Time: 00:21:53

Health: -3/73      AC:  3    Str: 13    XL:     10   Next: 28%
Magic:  8/25       EV: 13    Int: 18    God:    Ashenzari [*.....]
Gold:   549        SH:  0    Dex: 11    Spells: 6/17 levels left

rFire    . . .     SeeInvis +   x - +0 trident (curse)
rCold    + . .     Gourm    .   (no shield)
rNeg     . . .     Faith    .   c - +0 robe (curse)
rPois    .         Spirit   .   (helmet unavailable)
rElec    .         Reflect  .   (no cloak)
rCorr    .         Harm     .   F - +0 pair of gloves (curse)
MR       +....                  (no boots)
Stlth    ++........             (no amulet)
HPRegen  0.22/turn              p - ring of magical power (curse)
MPRegen  0.19/turn              r - ring of protection from cold (curse)

@: mighty, marked, starving
A: permanent stasis, dig shafts and tunnels, four strong arms, antennae 3
a: Dig, Shaft Self, Curse Item, Scrying, Renounce Religion


You were on level 9 of the Dungeon.
You worshipped Ashenzari.
Ashenzari was aware of your devotion.
You were starving.

You visited 1 branch of the dungeon, and saw 9 of its levels.

You collected 549 gold pieces.

Inventory:

Hand Weapons
 h - a +0 club
 i - a +0 spear
 v - a +0 halberd
 x - a cursed +0 trident (weapon)
 K - a +3 spear of freezing
Missiles
 b - 309 stones (quivered)
 B - 77 sling bullets
Armour
 c - a cursed +0 robe (worn)
 y - a +0 leather armour
 A - a +2 chain mail of magic resistance
 F - a cursed +0 pair of gloves (worn)
Jewellery
 p - a cursed ring of magical power (left hand)
 r - a cursed ring of protection from cold (right hand)
Wands
 t - a wand of random effects (3)
 G - a wand of iceblast (14)
Scrolls
 f - 3 scrolls of noise
 g - a scroll of identify
 l - a scroll of fear {unknown}
 n - a scroll of amnesia {unknown}
 u - 4 scrolls of immolation {unknown}
 w - a scroll of teleportation
 H - 2 scrolls of remove curse
 I - a scroll of brand weapon {unknown}
 J - a scroll of summoning {unknown}
Potions
 a - 4 potions of might
 e - 7 potions of curing
 j - a potion of resistance
 k - 2 potions of heal wounds
 m - a potion of berserk rage {unknown}
 o - a potion of stabbing {unknown}
 q - 2 potions of flight
 s - 2 potions of brilliance
 z - a potion of mutation {unknown}
 C - a potion of ambrosia {unknown}
 D - 2 potions of degeneration {unknown}
 E - a potion of lignification {unknown}
Comestibles
 d - 13 rations


   Skills:
 + Level 4.4 Fighting
 * Level 7.4 Polearms
 * Level 2.1 Armour
 - Level 4.0 Dodging
 - Level 2.5 Stealth
 - Level 2.0 Unarmed Combat
 * Level 4.4 Spellcasting
 - Level 2.0 Conjurations
 - Level 1.1 Transmutations
 + Level 10.8 Earth Magic


You had 6 spell levels left.
You knew the following spells:

 Your Spells              Type           Power        Failure   Level  Hunger
a - Sandblast             Erth           #####.       1%          1    None
b - Passwall              Tmut/Erth      ####....     1%          2    ##.....
c - Stone Arrow           Conj/Erth      ####..       3%          3    ###....
d - Lee's Rapid Deconstr  Erth           #####.....   4%          5    ######.

Your spell library contained the following spells:

 Spells                   Type           Power        Failure   Level  Hunger
 Petrify                  Tmut/Erth      ####....     12%         4    ####...
 Summon Small Mammal      Summ           #...         14%         1    None
 Call Imp                 Summ           #.......     22%         2    ##.....
 Call Canine Familiar     Summ           #.......     38%         3    ###....
 Summon Guardian Golem    Hex/Summ       #.......     38%         3    ###....
 Summon Ice Beast         Ice/Summ       #.......     80%         4    ####...
 Summon Lightning Spire   Summ/Air       #.......     80%         4    ####...


Dungeon Overview and Level Annotations

Branches:
Dungeon (9/15)             Temple (0/1) D:7
   Lair: D:8-11         Orc: D:9-12

Altars:
Ashenzari

Shops:
D:5 =

Annotations:
D:9 Harold


Innate Abilities, Weirdness & Mutations

You cannot be hasted, slowed, berserked, paralysed or teleported.
You can dig through walls and to a lower floor.
Your four strong arms can wield two-handed weapons with a shield.
You have a pair of large antennae on your head. (SInv)


Message History

Unknown command.
Casting: Stone Arrow (dangerous; 3% risk of failure)
Confirm with . or Enter, or press ? or * to list all spells.
Aiming: Stone Arrow (dangerous; 3% risk of failure)
Press: ? - help, Shift-Dir - straight line, f/p - Harold
Aim: Harold, wielding a +0 halberd, wearing a +2 ring mail of cold resistance and quivering a throwing net (heavily wounded)
The stone arrow hits Harold but does no damage.
Harold is heavily wounded.
You are starving!
Harold hits you with a +0 halberd!!
You don't have the energy to cast that spell.
Harold gestures at you while chanting. A sentinel's mark forms upon you.
There is a stone staircase leading up here.
Harold looks eager to get this over with.
Harold fires a harpoon shot at you. The harpoon shot hits you!
You stop ascending the stairs.
You are yanked forward by the harpoon shot.
Harold hits you from afar with a +0 halberd!!
You die...

#.....^# #.###)## #.# #.#
#.# #.# ..# #)#
..###'##############
..##.......@.......#
.o##......########.#.######
#).'......#....#@#.#.#<#..#
#.##......#.##.#.#.#.#.#..#
#..#......#.#..[@#.#)#.#..#
##.##+###.#.####...#.#.#..#
?. #.#....'...#.#....# #.#
#.######...#'#+#.## ..
#..........# { #..........#
#...≈≈....##


You could see Harold.

Vanquished Creatures
  A hippogriff (D:8)
  2 steam dragons
  An orc warrior (D:9)
  A sky beast (D:6)
  A black bear (D:8)
  3 phantoms
  An ice beast (D:5)
  7 ogres
  A centaur (D:7)
  A wyvern skeleton (D:8)
  A scorpion (D:5)
  4 killer bees (D:8)
  5 wights (D:8)
  4 crimson imps
  2 centaur zombies
  4 hounds
  An orc priest (D:3)
  6 orc wizards
  A centaur skeleton (D:6)
  3 iguanas
  Ijyb (D:4)
  Natasha (thrice) (D:4)
  4 worker ants
  A hound skeleton (D:6)
  2 worker ant zombies
  11 gnolls
  A howler monkey skeleton (D:7)
  11 adders
  A shadow imp (D:7)
  2 oozes
  3 adder zombies
  An adder skeleton (D:5)
  2 worms
  3 dart slugs
  8 leopard geckos
  19 orcs
  A ball python (D:2)
  5 bats
  4 giant cockroaches
  31 goblins
  37 hobgoblins
  2 jackals (D:1)
  4 quokkas
  8 frilled lizards
  A jackal zombie (D:5)
  12 kobolds
  11 rats
239 creatures vanquished.

Notes
Turn   | Place    | Note
-------+----------+-------------------------------------------
     0 | D:1      | Masnef the Formicid Earth Elementalist began the quest for
                  | the Orb.
     0 | D:1      | Reached XP level 1. HP: 13/13 MP: 3/3
   141 | D:1      | Reached skill level 4 in Earth Magic
   141 | D:1      | Reached XP level 2. HP: 5/19 MP: 0/5
   771 | D:1      | Reached XP level 3. HP: 10/24 MP: 3/6
  1253 | D:1      | Learned a level 2 spell: Passwall
  1257 | D:1      | Learned a level 3 spell: Stone Arrow
  1477 | D:2      | Reached skill level 5 in Earth Magic
  1614 | D:2      | Reached skill level 1 in Unarmed Combat
  1617 | D:2      | Reached XP level 4. HP: 29/30 MP: 7/7
  3221 | D:3      | Found a faded altar of an unknown god.
  3261 | D:3      | Reached XP level 5. HP: 33/35 MP: 8/8
  3883 | D:4      | Noticed Ijyb
  3896 | D:4      | Reached skill level 1 in Fighting
  3896 | D:4      | Reached skill level 6 in Earth Magic
  3901 | D:4      | Killed Ijyb
  3901 | D:4      | Reached skill level 1 in Conjurations
  3901 | D:4      | Reached XP level 6. HP: 21/43 MP: 3/9
  4072 | D:4      | Noticed an ogre
  4079 | D:4      | Killed an ogre
  4355 | D:4      | Noticed Natasha
  4361 | D:4      | Killed Natasha
  4361 | D:4      | Reached skill level 1 in Polearms
  4361 | D:4      | Reached XP level 7. HP: 44/49 MP: 10/10
  4455 | D:4      | Noticed Natasha
  4459 | D:4      | Killed Natasha
  4484 | D:4      | Reached skill level 7 in Earth Magic
  4921 | D:4      | Noticed Natasha
  4932 | D:4      | Killed Natasha
  4934 | D:4      | Reached XP level 8. HP: 57/57 MP: 11/11
  5015 | D:5      | Entered Level 5 of the Dungeon
  5022 | D:5      | Reached skill level 8 in Earth Magic
  6416 | D:5      | Learned a level 5 spell: Lee's Rapid Deconstruction
  7638 | D:5      | Found Fahukk's Jewellery Emporium.
  7785 | D:6      | Found a shattered altar of Ashenzari.
  7797 | D:6      | Became a worshipper of Ashenzari the Shackled
  7945 | D:6      | Reached skill level 9 in Earth Magic
  8162 | D:6      | Reached XP level 9. HP: 27/64 MP: 12/12
  8416 | D:6      | Reached skill level 5 in Polearms
  9307 | D:7      | Found a staircase to the Ecumenical Temple.
  9773 | D:7      | Reached * piety under Ashenzari
 10117 | D:8      | Noticed a hippogriff
 10132 | D:8      | Killed a hippogriff
 10132 | D:8      | Reached skill level 10 in Earth Magic
 10667 | D:8      | Reached XP level 10. HP: 62/72 MP: 11/14
 10667 | D:8      | Reached skill level 1 in Armour
 11289 | D:9      | Noticed Erolcha
 11324 | D:9      | HP: 3/73 [crimson imp (2)]
 11328 | D:9      | HP: 1/73 [adder zombie (3)]
 11553 | D:9      | Noticed Harold
 11668 | D:9      | Slain by Harold

Illustrated notes

Levels and vault maps discovered:
D:1:      dpeg_arrival_fog, layout_rooms, amethyst_killhole
D:2:      layout_loops_cross, serial_forest, infiniplex_forest_clump_long,
          infiniplex_forest_clump_long, infiniplex_forest_corner_2,
          infiniplex_forest_lined_2, infiniplex_forest_clump_cross
D:3:      layout_basic, chequers_ecumenical_altar_island, first_ration
D:4:      minmay_chambers_of_twos, layout_basic, uniq_natasha, uniq_ijyb
D:5:      minmay_goblin_kobold_castle, layout_loops_ring, serial_shops,
          kennysheep_mini
D:6:      layout_loops_ring, ashenzari_altar_1, st_stairs_6
D:7:      layout_rooms, minmay_temple_entry_overgrown,
          chequers_serial_rivers_micro_b
D:8:      layout_basic
D:9:      layout_basic, minmay_holes, uniq_harold, uniq_erolcha

Skill      XL: |  1  2  3  4  5  6  7  8  9 10 |
---------------+-------------------------------+-----
Earth Magic    | 4 5 6 7 9 10 | 10.8
Unarmed Combat | 1 2 |  2.0
Dodging        | 2 3 4 |  4.0
Fighting       | 1 2 3 4 |  4.4
Conjurations   | 1 2 |  2.0
Polearms       | 1 2 4 7 |  7.4
Armour         | 2 |  2.1
Spellcasting   | 4 |  4.4
Stealth        | |  2.5
Transmutations | |  1.1

Action                   |  1- 3 |  4- 6 |  7- 9 | 10-12 || total
-------------------------+-------+-------+-------+-------++-------
Melee: Unarmed           |     2 |       |       |       ||     2
       Spear             |    77 |   118 |       |       ||   195
       Club              |     5 |       |       |       ||     5
       Punch             |       |     1 |     1 |     1 ||     3
       Trident           |       |    39 |   298 |    33 ||   370
 Cast: Sandblast         |    19 |    43 |   133 |    13 ||   208
       Stone Arrow       |       |     1 |     8 |     7 ||    16
       Lee's Rapid Decon |       |       |     7 |     9 ||    16
Invok: Curse Item        |       |       |     4 |       ||     4
Evoke: Wand              |       |       |     1 |     4 ||     5
  Use: Scroll            |       |       |     7 |     2 ||     9
       Potion            |       |       |       |     1 ||     1
 Stab: Sleeping          |     6 |    13 |     5 |       ||    24
       Confused          |       |       |       |     1 ||     1
  Eat: Chunk             |     3 |     9 |    21 |     5 ||    38
       Ration            |       |       |     1 |       ||     1
Armor: Robe              |    17 |    19 |    35 |     3 ||    74
Dodge: Dodged            |    56 |    93 |   230 |    26 ||   405

Table legend:
 A = Non-vault XP
 B = Vault XP
 C = Vault XP percentage of total XP
 D = Non-vault monster count
 E = Vault monster count
 F = Vault count percentage of total count
                 A         B        C        D         E       F
            +---------+---------+-------+---------+---------+-------
      Total |    4273 |     730 |  14.6 |     168 |      71 |  29.7
            +---------+---------+-------+---------+---------+-------
        D:1 |      47 |       0 |   0.0 |      23 |       0 |   0.0
        D:2 |      59 |       0 |   0.0 |      26 |       0 |   0.0
        D:3 |     122 |       0 |   0.0 |      23 |       0 |   0.0
        D:4 |     449 |     400 |  47.1 |      13 |       8 |  38.1
        D:5 |     583 |     177 |  23.3 |      19 |      60 |  75.9
        D:6 |     560 |     153 |  21.5 |       9 |       3 |  25.0
        D:7 |     305 |       0 |   0.0 |      11 |       0 |   0.0
        D:8 |    1669 |       0 |   0.0 |      30 |       0 |   0.0
        D:9 |     479 |       0 |   0.0 |      14 |       0 |   0.0
            +---------+---------+-------+---------+---------+-------
